AoeStats
← [Massa] Edo

Black Forest

508460400Analyzed
2v2 RM · 10d ago on Sep 22, 2026· 41m 3s· 4 players
Game mode
Random Map
Map size
Medium (4 player)
Population
200
Speed
Normal
Resources
Standard
Victory
Conquest
Starting age
Dark Age
Ending age
Imperial Age
RankedLock teamsTeams togetherTeam positionsShared explorationLock speedFull tech treeHidden civsTurbo modeCheats
Victory
Defeat
🇳🇱 Slavs · Netherlands
1502
+14
🇹🇼 Japanese · Taiwan
1433
+18
🇧🇷 Britons · Brazil
1462
-16
🇧🇷 Ethiopians · Brazil
1458
-16
No_English
7:35 Loom
9:54 Feudal Age
10:06 Man-at-Arms
10:57 Double-Bit Axe
11:03 Horse Collar
20:04 Castle Age
18:40 Stone Mining
18:43 Gold Mining
20:33 Fletching
20:29 Elite Skirmisher
21:43 Bow Saw
22:28 Wheelbarrow
21:51 Bodkin Arrow
21:57 Padded Archer Armor
22:17 Town Watch
23:49 Leather Archer Armor
26:10 Ballistics
27:16 Hand Cart
27:44 Guard Tower
30:08 Gold Shaft Mining
32:00 Murder Holes
34:55 Imperial Age
34:17 Scale Mail Armor
33:59 Treadmill Crane
35:33 Chain Mail Armor
35:20 Squires
35:42 Bracer
36:38 Ring Archer Armor
37:25 Keep
39:43 Chemistry
39:44 Yasama
40:05 Conscription
40:26 Capped Ram
41:33 Kataparuto
Strider
11:02 Feudal Age
14:35 Castle Age
12:50 Double-Bit Axe
15:32 Man-at-Arms
16:51 Scale Mail Armor
17:02 Long Swordsman
20:48 Horse Collar
23:04 Chain Mail Armor
23:55 Squires
26:12 Bow Saw
27:03 Heavy Plow
29:24 Wheelbarrow
33:25 Imperial Age
31:30 Forging
31:14 Loom
31:21 Town Watch
33:49 Two-Handed Swordsman
35:27 Plate Mail Armor
36:22 Iron Casting
36:08 Champion
38:48 Blast Furnace
39:41 Conscription
[Massa] Edo
8:38 Feudal Age
8:21 Loom
9:06 Double-Bit Axe
17:16 Wheelbarrow
16:25 Horse Collar
20:32 Castle Age
18:45 Fletching
20:33 Crossbowman
21:09 Bodkin Arrow
22:20 Padded Archer Armor
22:37 Bow Saw
23:25 Heavy Plow
24:39 Gold Mining
27:30 Ballistics
27:27 Leather Archer Armor
27:50 Gold Shaft Mining
30:41 Stone Mining
36:35 Imperial Age
35:03 Hand Cart
35:27 Yeomen
39:06 Town Watch
40:34 Chemistry
39:20 Arbalester
40:39 Bracer
tg
12:50 Feudal Age
14:01 Horse Collar
14:07 Double-Bit Axe
16:49 Castle Age
16:13 Gold Mining
17:42 Loom
18:10 Fletching
19:38 Bodkin Arrow
20:54 Town Watch
21:58 Bow Saw
33:11 Wheelbarrow
32:38 Heavy Plow
32:41 Crossbowman
33:26 Thumb Ring
36:59 Thumb Ring
39:49 Imperial Age
37:26 Padded Archer Armor
37:54 Ballistics
40:32 Bracer
40:00 Arbalester
Connection lost

Rejoining the realm…

Still unreachable

The connection could not be restored.

Session expired

The server has moved on; the page needs a fresh start.